 Dungeon Crawl Stone Soup version 0.29-a0-559-g359e09b9d1 (webtiles) character file.

Game seed: 1024904660155744906

2191 mandarbmax the Grappler (level 9, -6/81 HPs)
             Began as a Naga Transmuter on June 10, 2022.
             Was a Priest of Cheibriados.
             Killed from afar by an electric eel (7 damage)
             ... with a bolt of electricity
             ... on level 6 of the Dungeon.
             The game lasted 00:19:09 (7001 turns).

mandarbmax the Grappler (Naga Transmuter)           Turns: 7001, Time: 00:19:10

Health: -6/81      AC:  2    Str: 21    XL:     9   Next: 33%
Magic:  6/12       EV: 27    Int: 25    God:    Cheibriados [***...]
Gold:   142        SH:  0    Dex: 25    Spells: 4/12 levels left

rFire   . . .      SeeInvis +     - Unarmed
rCold   . . .      Faith    .   (shield currently unavailable)
rNeg    . . .      Spirit   .   (body armour currently unavailable)
rPois   x          Reflect  .   (helmet currently unavailable)
rElec   .          Harm     .   (cloak currently unavailable)
rCorr   .          Rampage  .   (gloves currently unavailable)
Will    +....                   (no barding)
Stlth   ++++......              (no amulet)
HPRegen 0.23/turn               j - +4 ring of evasion
MPRegen 0.13/turn               w - ring of wizardry

@: spider-form, very slow
A: venomous fangs, AC +3, tiny, see invisible, (deformed body), (poison
resistance), (slowness 2), spit poison 1, (naga tail 1)
a: Spit Poison, End Transformation, Renounce Religion, Bend Time, Temporal
Distortion


You were on level 6 of the Dungeon.
You worshipped Cheibriados.
Cheibriados was most pleased with you.
You were a venomous arachnid creature.
You visited 1 branch of the dungeon, and saw 6 of its levels.

You collected 327 gold pieces.
You spent 185 gold pieces at shops.

Inventory:

Missiles
 r - 4 atropa-tipped darts
Armour
 a - a +0 robe (melded)
 e - a +2 helmet (melded)
 i - a +3 ring mail
Jewellery
 j - a +4 ring of evasion (left front leg)
 w - a ring of wizardry (right front leg)
 y - a ring of magical power
Scrolls
 d - a scroll of silence {unknown}
 l - 3 scrolls of magic mapping
 m - 4 scrolls of identify
 p - a scroll of enchant armour
 u - a scroll of teleportation {unknown}
 v - a scroll of enchant weapon {unknown}
 x - a scroll of fear {unknown}
Potions
 b - 2 potions of lignification
 c - 2 potions of flight {unknown}
 f - 2 potions of magic {unknown}
 g - 2 potions of degeneration {unknown}
 h - a potion of brilliance
 k - a potion of cancellation {unknown}
 o - 2 potions of might {unknown}
 q - a potion of mutation {unknown}
 t - a potion of haste {unknown}


   Skills:
 - Level 5.0 Fighting
 - Level 4.0 Dodging
 + Level 6.3 Stealth
 - Level 8.0 Unarmed Combat
 - Level 2.0 Spellcasting
 - Level 4.0 Transmutations
 - Level 4.0 Poison Magic
 + Level 2.4 Invocations


You had 4 spell levels left.
You knew the following spells:

 Your Spells              Type           Power      Damage    Failure   Level
a - Beastly Appendage     Tmut           44%        N/A       3%          1
b - Wereblood             Tmut           22%        N/A       4%          2
c - Spider Form           Tmut/Pois      22%        N/A       7%          3
d - Blink                 Tloc           4%         N/A       16%         2

Your spell library contained the following spells:

 Spells                   Type           Power      Damage    Failure   Level
 Ice Form                 Ice/Tmut       12%        N/A       32%         4
 Manifold Assault         Tloc           2%         N/A       86%         5
 Summon Forest            Summ/Tloc      1%         N/A       86%         5
 Eringya's Noxious Bog    Tmut/Pois      11%        N/A       86%         6
 Storm Form               Tmut/Air       6%         N/A       100%        7
 Summon Hydra             Summ           1%         N/A       100%        7


Dungeon Overview and Level Annotations

Branches:
Dungeon (6/15)             Temple (0/1) D:5

Altars:
Cheibriados
Nemelex Xobeh
Uskayaw
Yredelemnul
Zin

Shops:
D:5 **!


Innate Abilities, Weirdness & Mutations

You are a venomous arachnid creature.
You have poisonous fangs.
You are tiny and dextrous.
Your spellcasting is less reliable in this form.
Your armour is entirely melded.
You are incapable of wielding weapons or throwing items.
((Your serpentine skin is tough. (AC +3)))
You have supernaturally acute eyesight. (SInv)
((Armour fits poorly on your strangely shaped body.))
((Your system is resistant to poisons. (rPois)))
((You cover ground very slowly.))
You can spit poison.
((You have a snake-like lower body.))


Message History

The bolt of electricity misses you. The bolt of electricity hits you!
The bolt of electricity hits the electric eel.
The electric eel completely resists.
The electric eel shoots out a bolt of lightning at you!
The bolt of electricity hits the electric eel.
The electric eel completely resists.
The bolt of electricity misses you.
You completely miss the electric eel.
The electric eel shoots out a bolt of lightning at you!
The bolt of electricity hits you!
* * * LOW HITPOINT WARNING * * *
The bolt of electricity hits you!
* * * LOW HITPOINT WARNING * * *
The bolt of electricity hits the electric eel.
The electric eel completely resists.
The electric eel shoots out a bolt of lightning at you!
The bolt of electricity hits the electric eel.
The electric eel completely resists.
The bolt of electricity misses you.
Okay, then.
Okay, then.
Okay, then.
Okay, then.
You feel better.
The electric eel shoots out a bolt of lightning at you!
The bolt of electricity hits the electric eel.
The electric eel completely resists.
The bolt of electricity misses you.
Unknown command.
You feel better.
As you read the scroll labelled USIORO MAST, it crumbles to dust.
The scroll dissolves into smoke.
It was a scroll of fog.
The electric eel shoots out a bolt of lightning at you!
The bolt of electricity hits you!
* * * LOW HITPOINT WARNING * * *
The bolt of electricity hits you!
* * * LOW HITPOINT WARNING * * *
The bolt of electricity hits the electric eel.
The electric eel completely resists.
The electric eel shoots out a bolt of lightning at you!
The bolt of electricity hits the electric eel.
The electric eel completely resists.
The bolt of electricity hits you!
You die...

###......##..##.##
#............##.#
#.≈≈≈≈.≈≈≈≈≈....#
#.≈≈≈≈.≈≈≈≈≈....#
##.≈≈≈≈.≈≈≈≈≈....#
#..≈≈≈≈.≈≈≈≈≈....#
#§.§§≈≈..........#
#§§§.....≈≈≈≈.####
#§sS≈≈≈≈.S≈≈≈.#
#§§§§≈≈≈.≈≈≈≈.#
..§§≈≈≈≈≈.≈≈≈≈.#
####.≈≈≈≈≈.≈
#........
##..##... ### ..#
#.. ... ... .. ###


You could see 2 electric eels.

Vanquished Creatures
  A troll (D:6)
  A shadow (D:6)
  A water moccasin (D:6)
  An ice beast (D:6)
  3 black bears
  A centaur (D:5)
  A phantom (D:6)
  A bullfrog (D:6)
  3 scorpions
  5 wights (D:6)
  2 jellies
  8 hounds
  An orc priest (D:5)
  5 iguanas
  An orc wizard (D:5)
  4 gnolls
  4 adders
  2 shadow imps
  2 white imps
  4 ufetubi
  A worm (D:3)
  27 orcs
  8 endoplasms
  2 giant cockroaches
  6 goblins
  4 hobgoblins
  7 jackals
  3 kobolds
  4 quokkas
  11 ball pythons
  4 bats
  4 frilled lizards
  5 rats
137 creatures vanquished.

Notes
Turn   | Place    | Note
-------+----------+-------------------------------------------
     0 | D:1      | mandarbmax the Naga Transmuter began the quest for the Orb.
     0 | D:1      | Reached XP level 1. HP: 18/18 MP: 3/3
    48 | D:1      | Found a faded altar of an unknown god.
   127 | D:1      | Reached XP level 2. HP: 16/25 MP: 3/5
   287 | D:1      | Learned a level 2 spell: Wereblood
  1294 | D:2      | Reached XP level 3. HP: 25/31 MP: 2/6
  1298 | D:2      | Learned a level 3 spell: Spider Form
  1776 | D:2      | Reached skill level 4 in Unarmed Combat
  1776 | D:2      | Reached skill level 1 in Poison Magic
  1857 | D:2      | Found a snail-covered altar of Cheibriados.
  1871 | D:2      | Became a worshipper of Cheibriados the Contemplative
  2557 | D:3      | Reached XP level 4. HP: 29/38 MP: 2/7
  2782 | D:3      | Reached * piety under Cheibriados
  3328 | D:4      | Reached XP level 5. HP: 44/44 MP: 4/8
  3702 | D:4      | Found Zin's Purification Station.
  3704 | D:4      | Found a glowing silver altar of Zin.
  3720 | D:4      | Bought a potion of curing for 90 gold pieces
  4058 | D:4      | Reached skill level 5 in Unarmed Combat
  4103 | D:4      | Reached XP level 6. HP: 51/51 MP: 5/9
  4455 | D:4      | Found a sparkling altar of Nemelex Xobeh.
  4478 | D:5      | Entered Level 5 of the Dungeon
  4506 | D:5      | Reached skill level 6 in Unarmed Combat
  4535 | D:5      | Found Haip's General Store.
  4554 | D:5      | Reached ** piety under Cheibriados
  4596 | D:5      | Found Vyaretwe's Assorted Antiques.
  4604 | D:5      | Bought a scroll labelled FUOW JUAMESS for 33 gold pieces
  4604 | D:5      | Bought a fuming yellow potion for 29 gold pieces
  4604 | D:5      | Bought a scroll labelled BIMOME EPLIUTS for 33 gold pieces
  4750 | D:5      | Found Cypesij's Distillery.
  4897 | D:5      | Reached XP level 7. HP: 51/61 MP: 7/10
  5040 | D:5      | Found a hide-covered altar of Uskayaw.
  5113 | D:5      | Found a basalt altar of Yredelemnul.
  5283 | D:5      | Reached skill level 1 in Stealth
  5321 | D:5      | Found a staircase to the Ecumenical Temple.
  5501 | D:6      | Reached skill level 5 in Stealth
  5509 | D:6      | Reached XP level 8. HP: 36/72 MP: 3/11
  6127 | D:6      | Reached skill level 7 in Unarmed Combat
  6296 | D:6      | Reached *** piety under Cheibriados
  6460 | D:6      | Reached skill level 8 in Unarmed Combat
  6499 | D:6      | Reached skill level 5 in Fighting
  6727 | D:6      | Reached XP level 9. HP: 65/81 MP: 10/12
  6730 | D:6      | Reached **** piety under Cheibriados
  6742 | D:6      | Noticed a troll
  6758 | D:6      | Killed a troll
  6759 | D:6      | Reached skill level 1 in Invocations
  6858 | D:6      | Learned a level 2 spell: Blink
  7001 | D:6      | HP: 1/81 [electric eel/bolt of electricity (11)]
  7001 | D:6      | Killed from afar by an electric eel

Illustrated notes

Levels and vault maps discovered:
D:1:      lightli_arrival_maybe_door_vault, layout_loops_ring,
          hellmonk_ecumenical_altar_zigzags, serial_aquarium,
          aquarium_bridge_long_separate [aquarium_subvault_bridge,
          aquarium_subvault_bridge, aquarium_subvault_wall,
          aquarium_subvault_wall, aquarium_subvault_bridge,
          aquarium_subvault_wall], aquarium_bridge_square
          [aquarium_subvault_bridge, aquarium_subvault_wall,
          aquarium_subvault_bridge, aquarium_subvault_wall], aquarium_window_3,
          aquarium_window_1, aquarium_view_2d, aquarium_pool_2,
          amcnicky_mini_corridor_feature, wad_floor_pattern_untrapped,
          minmay_misc_feat_five
D:2:      wad_river_or_something, layout_basic, basic_altar, grunt_ministairs_15
D:3:      layout_loops_cross, nicolae_underground_beach
D:4:      layout_gridville, kennysheep_mini_moat, zin_purify
D:5:      layout_basic, nicolae_overflow_crystal_walls,
          mainiacjoe_overflow_surrounded_room, minmay_temple_entry_nine_rooms,
          serial_shops, shop, shop_statue, nicolae_stop_n_shop_2
D:6:      kennysheep_windowed_halls, layout_basic, minivault_14

Skill      XL: |  1  2  3  4  5  6  7  8  9 |
---------------+----------------------------+-----
Dodging        | 2 3 4 |  4.0
Unarmed Combat | 4 5 6 8 |  8.0
Poison Magic   | 2 3 4 |  4.0
Fighting       | 2 3 5 |  5.0
Transmutations | 3 4 |  4.0
Stealth        | 5 6 |  6.3
Invocations    | 2 |  2.4
Spellcasting   | |  2.0

Action                   |  1- 3 |  4- 6 |  7- 9 || total
-------------------------+-------+-------+-------++-------
Melee: Unarmed           |    91 |   119 |   140 ||   350
       Headbutt          |    13 |       |       ||    13
       Punch             |     2 |       |       ||     2
 Cast: Beastly Appendage |    35 |     1 |       ||    36
       Wereblood         |    13 |     8 |    11 ||    32
       Spider Form       |     1 |    23 |    21 ||    45
Invok: Temporal Distorti |       |       |     1 ||     1
 Abil: Spit Poison       |    22 |     8 |     1 ||    31
  Use: Scroll            |     2 |     2 |     3 ||     7
       Potion            |       |       |     5 ||     5
 Stab: Sleeping          |     1 |     1 |     1 ||     3
Armor: Robe              |    13 |       |     3 ||    16
       Skin              |     1 |     2 |     3 ||     6
Dodge: Dodged            |    57 |    70 |   173 ||   300

Table legend: (Time is in decaauts)
 A = Elapsed time spent in this place.
 B = Non-inter-level travel time spent in this place.
 C = Inter-level travel time spent in this place.
 D = Time resting spent in this place.
 E = Time spent auto-exploring this place.
 F = Levels seen in this place.
 G = Mean time per level.
                   A        B        C        D        E       F      G
               +--------+--------+--------+--------+--------+-----+--------+
         Total |  10047 |   9813 |    234 |    302 |   8041 |   6 | 1674.5 |
       Dungeon |  10047 |   9813 |    234 |    302 |   8041 |   6 | 1674.5 |
               +--------+--------+--------+--------+--------+-----+--------+

Top non-repeatable levels by time:
     D:6: 2495 daAuts
     D:4: 1806 daAuts
     D:2: 1574 daAuts
     D:3: 1542 daAuts
     D:5: 1371 daAuts
     D:1: 1256 daAuts
